Map: Ley Lines

Players

LiquidClem (Clem)

  • Race: Terran Terran
  • League: Grandmaster
  • Spawn Location: 7:00

Serral - Winner!

  • Race: Zerg Zerg
  • League: Master
  • Spawn Location: 1:00

Event: HomeStory Cup XXVI

VOD

Have the link to the VOD?

Description

Time

  • Played on: Dec. 1, 2024, 3:37 p.m.
  • Length: 22:15

All games in this series

Show
View Real Time Build Order
Export as new Build Order

LiquidClem Terran 

Build Orders: Reaper Expand, Hellion Banshee 

Get SALT Encoding   

  12  0:00  SCV  
  13  0:12  SCV  
  14  0:16  Supply Depot  
  14  0:24  SCV  
  15  0:38  SCV  
  15  0:40  Barracks  
  15  0:42  Refinery  
  16  0:50  SCV  
  17  1:02  SCV  
  18  1:14  SCV  
  19  1:27  Orbital Command, Reaper  
  20  1:38  Command Center  
  20  1:45  Supply Depot  
  20  1:52  SCV  
  21  1:59  Marine  
  22  2:04  SCV  
  23  2:09  Factory  
  23  2:16  SCV  
  23  2:20  Barracks Reactor  
  24  2:28  SCV  
  25  2:37  Command Center  
  25  2:40  SCV  
  26  2:50  Orbital Command  
  26  2:53  SCV  
  26  2:57  Starport  
  27  3:05  SCV  
  28  3:06  Hellion  
  28  3:09  Hellion  
  33  3:17  SCV x2  
  35  3:22  Barracks Tech Lab  
  35  3:23  Refinery  
  34  3:28  Hellion  
  34  3:29  SCV x2  
  34  3:32  Hellion  
  42  3:41  SCV x2  
  42  3:44  Banshee  
  42  3:48  Orbital Command  
  45  3:51  Marine  
  45  3:53  SCV x2  
  45  3:55  Hellion  
  50  3:58  Hellion  
  52  4:04  Supply Depot  
  52  4:05  SCV x2  
  52  4:08  Cloaking Field  
  54  4:11  Barracks Tech Lab  
  54  4:15  SCV  
  55  4:17  SCV x2  
  52  4:27  SCV  
  52  4:29  SCV  
  52  4:31  SCV  
  53  4:33  Supply Depot  
  53  4:34  Factory Reactor  
  53  4:35  Banshee  
  54  4:39  SCV  
  54  4:40  Marine  
  54  4:41  SCV  
  54  4:43  Barracks x2  
  57  4:48  SCV, Refinery x2  
  57  4:51  SCV  
  59  4:54  SCV  
  59  4:56  Supply Depot  
  59  4:58  Marine  
  61  5:03  SCV  
  61  5:04  Engineering Bay  
  61  5:05  Engineering Bay  
  61  5:06  SCV x2  
  62  5:12  Stimpack  
  60  5:14  Orbital Command  
  60  5:15  SCV  
  60  5:16  Marine  
  60  5:19  SCV  
  60  5:20  Supply Depot  
  63  5:26  Factory Reactor  
  63  5:27  SCV  
  64  5:29  Supply Depot, Barracks  
  64  5:30  Barracks  
  64  5:31  SCV  
  65  5:35  Marine  
  65  5:38  Terran Infantry Weapons Level 1, Terran Infantry Armor Level 1  
  65  5:39  SCV  
  65  5:40  Marine x3  
  70  5:43  Starport Reactor  
  70  5:44  Marine  
  70  5:45  SCV x2  
  73  5:51  SCV  
  73  5:53  Supply Depot, Marine  
  75  5:57  SCV  
  75  5:58  Marine  
  75  5:59  Supply Depot, Marine x2  
  75  6:01  SCV  
  75  6:02  Marine  
  75  6:03  SCV  
  81  6:09  SCV  
  80  6:11  Marine  
  80  6:13  SCV  
  80  6:14  Siege Tank  
  80  6:15  Supply Depot, SCV  
  86  6:20  Supply Depot  
  86  6:21  Barracks Reactor  
  86  6:22  Marine, Barracks Reactor  
  86  6:24  Marine  
  86  6:25  SCV  
  89  6:26  Medivac  
  89  6:27  Medivac  
  89  6:29  SCV  
  89  6:30  Marine  
  89  6:32  Marine, Refinery  
  96  6:33  SCV  
  96  6:35  Refinery  
  96  6:36  Marine  
  96  6:37  SCV  
  99  6:40  Marine  
  99  6:41  SCV, Factory  
  99  6:44  Supply Depot, Marine  
  99  6:46  SCV  
  103  6:47  Siege Tank  
  103  6:49  SCV  
  103  6:52  Supply Depot  
  103  6:53  SCV  
  105  6:55  Marine x2  
  105  6:56  Marine, Medivac  
  105  6:58  Marine  
  105  6:59  Marine  
  112  7:01  Marine x2  
  112  7:05  Armory  
  112  7:06  Medivac  
  116  7:09  Marine x2  
  116  7:10  Supply Depot, Combat Shield  
  116  7:13  Command Center  
  118  7:15  Marine  
  118  7:18  Marine  
  118  7:19  Marine x4  
  118  7:21  Siege Tank  
  118  7:22  Marine  
  127  7:27  Marine, Factory Tech Lab  
  129  7:30  Marine, Medivac  
  129  7:32  Factory Tech Lab  
  129  7:34  Supply Depot  
  129  7:35  Marine  
  133  7:39  Supply Depot, Marine x5  
  133  7:43  Supply Depot  
  133  7:44  Marauder  
  140  7:45  Marine  
  140  7:47  Supply Depot, Marine  
  142  7:53  Siege Tank, Marine  
  142  7:55  Siege Tank  
  149  7:59  Marine, Medivac  
  149  8:00  Marine  
  149  8:02  Supply Depot  
  149  8:04  Terran Infantry Armor Level 2, Terran Infantry Weapons Level 2  
  152  8:07  Supply Depot  
  152  8:08  Marine x3  
  152  8:09  Marine x3  
  158  8:13  Marine  
  158  8:17  Supply Depot, Marine  
  158  8:18  Marine  
  161  8:22  Terran Vehicle Weapons Level 1  
  161  8:25  Medivac  
  163  8:29  Supply Depot, Medivac  
  163  8:30  Siege Tank, Marine x3  
  163  8:32  Marine x2  
  163  8:34  SCV x2  
  175  8:37  Marine x2  
  175  8:39  Siege Tank  
  180  8:43  SCV  
  180  8:49  Barracks  
  180  8:50  Barracks  
  180  8:52  Marine  
  180  8:59  Marine  
  180  9:01  Marine  
  180  9:02  Siege Tank, Medivac x2  
  187  9:03  Marine  
  187  9:07  Marine  
  187  9:08  Planetary Fortress  
  190  9:12  Siege Tank  
  190  9:16  Marine  
  194  9:17  SCV  
  194  9:18  Barracks  
  194  9:24  Marine x3  
  191  9:32  Viking  
  191  9:34  Siege Tank  
  191  9:35  Marine  
  184  9:40  Marine  
  184  9:42  Barracks Tech Lab  
  184  9:43  Barracks Tech Lab, Marine  
  184  9:44  Siege Tank  
  184  9:50  Marine  
  184  9:51  Marine  
  184  9:52  Marine x3  
  158  9:53  Marauder  
  158  9:55  Medivac  
  158  9:57  SCV x2  
  158  9:58  Refinery x2, Command Center  
  164  10:05  Marine  
  164  10:06  Marauder  
  164  10:07  Marine, Widow Mine  
  159  10:14  Marauder  
  159  10:15  Marine x2  
  159  10:16  Siege Tank, Marauder  
  159  10:20  Marine x3  
  159  10:21  Marine  
  157  10:25  SCV  
  157  10:26  SCV x2, Marine  
  157  10:27  Marine  
  157  10:28  Siege Tank  
  165  10:29  Marauder  
  165  10:33  Marine  
  165  10:34  Terran Infantry Weapons Level 3  
  165  10:35  Marine  
  169  10:36  Marauder  
  169  10:37  SCV, Marine  
  169  10:38  SCV x2  
  169  10:40  Marine x4  
  179  10:44  Terran Infantry Armor Level 3, Marine  
  179  10:48  Siege Tank  
  183  10:51  Marine, Marauder  
  186  11:00  Siege Tank, Ghost Academy, Command Center  
  185  11:04  Marine x2  
  185  11:07  Marine x2  
  185  11:08  Marauder  
  183  11:13  Concussive Shells  
  183  11:17  Marine  
  180  11:20  Siege Tank  
  180  11:25  Sensor Tower  
  181  11:26  Viking  
  181  11:31  Marine x2  
  181  11:32  Siege Tank  
  179  11:34  Marine x2, Marauder x3  
  179  11:35  Marine x2  
  179  11:36  Marine  
  179  11:37  Marine, Medivac  
  188  11:41  SCV x3  
  190  11:49  Marine  
  190  11:52  Siege Tank  
  190  11:53  Planetary Fortress  
  189  11:55  Marauder  
  189  11:56  Medivac  
  189  11:59  Ghost  
  196  12:04  Siege Tank  
  196  12:06  Starport  
  197  12:08  Marine  
  198  12:16  Orbital Command  
  198  12:17  Command Center  
  198  12:18  Command Center  
  198  12:22  Terran Vehicle Weapons Level 2, Missile Turret  
  193  12:33  Marine x3, Marauder x2  
  193  12:36  Marine x2  
  194  12:38  SCV  
  194  12:40  Orbital Command, SCV  
  194  12:41  SCV  
  196  12:46  Medivac  
  196  12:47  Marine  
  196  12:49  SCV x2  
  196  12:50  Marine  
  187  12:52  Ghost  
  187  12:53  Marine  
  187  12:55  Marine  
  187  12:56  Marine  
  187  12:57  Siege Tank, Marauder x2  
  187  12:58  Marine  
  179  13:01  SCV  
  180  13:07  Marine  
  180  13:08  Siege Tank  
  181  13:14  Refinery  
  181  13:15  Refinery  
  181  13:17  Ghost  
  181  13:18  Marauder  
  186  13:21  Ghost, Missile Turret  
  185  13:29  Siege Tank  
  184  13:34  Orbital Command  
  184  13:38  Missile Turret  
  184  13:39  Ghost  
  187  13:43  Siege Tank  
  187  13:46  Ghost  
  193  13:49  Ghost  
  196  14:02  Siege Tank  
  199  14:03  Command Center  
  199  14:22  Ghost  
  198  14:27  Fusion Core  
  198  14:30  Starport Reactor, Missile Turret  
  198  14:31  Missile Turret  
  192  14:41  Siege Tank  
  192  14:42  Marine  
  192  14:43  Ghost  
  192  14:44  Ghost  
  197  14:47  Siege Tank  
  200  14:57  Marine  
  200  14:58  Marine  
  194  15:02  Planetary Fortress  
  194  15:04  Unknown  
  194  15:05  Ghost  
  195  15:07  Marine  
  195  15:08  Personal Cloaking  
  195  15:09  Neosteel Armor  
  195  15:10  Terran Vehicle Weapons Level 3  
  195  15:12  Marine x2  
  195  15:13  Marauder  
  200  15:17  Orbital Command  
  200  15:19  Missile Turret, Command Center  
  200  15:20  Refinery x2, Sensor Tower  
  200  15:27  Advanced Ballistics  
  186  15:36  Ghost  
  186  15:37  Liberator x2  
  186  15:38  Liberator  
  186  15:42  Liberator  
  197  15:47  Command Center  
  197  15:50  Ghost  
  200  16:05  Sensor Tower  
  200  16:11  Command Center  
  200  16:17  Siege Tank, Marine x2  
  198  16:20  Medivac  
  200  16:27  Missile Turret  
  200  16:32  Missile Turret, Command Center  
  200  16:39  Caduceus Reactor  
  200  17:06  Ghost  
  200  17:12  Ghost x2  
  197  17:25  Orbital Command  
  196  17:34  Liberator x3, Ghost  
  195  17:47  Siege Tank  
  195  17:50  Sensor Tower  
  198  17:55  Refinery, Missile Turret  
  198  17:56  Ghost  
  198  17:57  Marine x3, Ghost  
  198  17:58  Missile Turret, Refinery  
  200  17:59  Siege Tank, Marine  
  200  18:01  Liberator  
  198  18:11  Marine  
  195  18:13  Marine  
  195  18:19  Planetary Fortress, Siege Tank, Missile Turret  
  199  18:20  Sensor Tower  
  199  18:22  Missile Turret  
  197  18:38  Ghost  
  198  18:46  Siege Tank, Marine  
  195  18:48  Orbital Command  
  195  18:50  Ghost  
  195  18:51  Marine x2  
  195  18:52  Siege Tank  
  195  18:53  Ghost  
  184  18:56  Liberator  
  184  18:57  Liberator  
  184  19:01  Liberator, Marine  
  184  19:09  Ghost  
  186  19:10  Medivac  
  186  19:11  Planetary Fortress  
  186  19:12  Marine  
  186  19:13  Marine x4  
  186  19:14  Marine  
  186  19:16  Marine  
  195  19:18  Siege Tank  
  198  19:41  Ghost  
  198  19:45  Siege Tank, Ghost  
  167  19:46  Marine x5  
  167  19:48  Liberator  
  167  19:49  Ghost  
  167  19:51  Liberator  
  167  19:52  Liberator  
  172  19:53  Siege Tank  
  172  19:54  Liberator  
  172  19:56  Marine  
  172  19:58  Marine, Command Center  
  162  20:10  Ghost  
  162  20:13  Ghost  
  143  20:16  Marine x3  
  143  20:17  Siege Tank, Marine x4  
  143  20:18  Marine, Ghost  
  143  20:21  Orbital Command  
  160  20:26  Siege Tank  
  163  20:31  Liberator  
  163  20:34  Marine x2, Liberator  
  164  20:39  Ghost  
  164  20:42  Ghost  
  169  20:43  Liberator  
  169  20:44  Liberator  
  169  20:46  Ghost  
  169  20:48  Sensor Tower  
  169  20:49  Siege Tank, Missile Turret  
  181  20:58  Siege Tank  
  184  21:07  Ghost  
  184  21:10  Ghost  
  183  21:12  Marine  
  183  21:13  Marine, Liberator  
  183  21:15  Ghost  
  183  21:17  Liberator  
  188  21:21  Siege Tank  
  191  21:28  Liberator x2  
  191  21:30  Siege Tank  
  190  21:36  Ghost  
  190  21:39  Marine  
  187  21:40  Marauder  
Show
View Real Time Build Order
Export as new Build Order

Serral Zerg - Winner!

Build Orders: Hatch First 

Get SALT Encoding   

  12  0:00  Drone  
  13  0:08  Drone  
  14  0:16  Drone, Extractor  
  15  0:35  Hatchery  
  14  0:41  Drone, Extractor  
  15  0:46  Overlord  
  15  1:01  Spawning Pool  
  14  1:04  Drone  
  14  1:08  Drone  
  16  1:11  Drone  
  16  1:17  Drone  
  18  1:27  Drone  
  19  1:37  Drone  
  20  1:47  Queen x2  
  20  1:48  Drone  
  20  1:52  Drone  
  26  1:57  Drone  
  26  1:58  Overlord  
  27  2:15  Drone, Hatchery  
  28  2:19  Drone x2  
  29  2:23  Drone  
  30  2:31  Queen  
  30  2:35  Overlord  
  32  2:37  Drone  
  32  2:41  Drone  
  32  2:43  Drone  
  32  2:44  Extractor  
  34  2:49  Queen  
  36  2:56  Drone x3  
  39  3:00  Drone x2  
  41  3:07  Overlord  
  41  3:10  Drone  
  42  3:14  Drone, Roach Warren  
  42  3:16  Drone  
  43  3:23  Extractor  
  43  3:24  Drone  
  43  3:28  Queen, Overlord  
  43  3:29  Drone  
  43  3:32  Drone  
  43  3:33  Drone  
  48  3:34  Drone  
  48  3:40  Drone x2, Zergling x2  
  48  3:41  Drone  
  53  3:49  Overlord  
  53  3:50  Drone  
  53  3:55  Roach x3  
  60  4:03  Overlord, Roach x2  
  60  4:05  Drone  
  60  4:07  Spore Crawler  
  60  4:09  Drone  
  66  4:10  Drone x2  
  66  4:13  Drone  
  67  4:19  Drone x3  
  67  4:20  Drone  
  67  4:25  Drone  
  67  4:29  Drone  
  67  4:30  Lair  
  67  4:31  Drone x2  
  68  4:38  Drone  
  70  4:40  Evolution Chamber  
  70  4:44  Drone x2  
  72  4:45  Drone  
  72  4:46  Drone x2  
  72  4:47  Overlord  
  72  4:48  Drone x2  
  77  4:54  Spore Crawler  
  77  4:55  Spore Crawler  
  77  4:56  Overlord  
  77  4:58  Overlord  
  74  5:03  Overlord  
  74  5:05  Spore Crawler  
  72  5:07  Spore Crawler, Drone  
  72  5:09  Drone x2  
  72  5:12  Drone x2  
  72  5:13  Drone  
  78  5:16  Drone  
  78  5:18  Drone  
  78  5:19  Drone  
  78  5:21  Drone x2  
  83  5:23  Drone  
  83  5:24  Drone x2  
  83  5:25  Extractor  
  83  5:26  Drone, Extractor  
  85  5:29  Overseer  
  85  5:30  Drone x2  
  85  5:32  Glial Reconstitution  
  85  5:34  Drone  
  85  5:35  Extractor  
  87  5:36  Drone, Extractor  
  87  5:38  Drone x2  
  87  5:41  Drone  
  90  5:44  Drone, Evolution Chamber  
  90  5:45  Evolution Chamber  
  90  5:46  Drone  
  90  5:51  Drone  
  90  5:52  Hatchery  
  90  5:54  Drone  
  90  5:55  Drone x2  
  90  5:56  Overlord  
  93  5:59  Overlord  
  93  6:03  Roach  
  93  6:04  Roach  
  93  6:05  Roach x2  
  93  6:08  Roach x2  
  93  6:09  Roach  
  97  6:13  Metabolic Boost  
  97  6:14  Infestation Pit  
  97  6:16  Zerg Melee Weapons Level 1  
  97  6:17  Zerg Ground Armor Level 1  
  96  6:24  Roach  
  96  6:25  Roach x3  
  104  6:28  Overlord  
  104  6:29  Roach x2  
  108  6:33  Overlord  
  108  6:39  Spore Crawler  
  103  6:40  Drone  
  103  6:41  Drone x3  
  103  6:45  Drone x4  
  110  6:51  Drone x2  
  110  6:52  Hive  
  110  6:54  Baneling Nest  
  110  6:56  Roach  
  110  6:58  Drone  
  110  7:00  Drone  
  114  7:01  Overlord  
  114  7:02  Roach x3  
  114  7:05  Roach  
  122  7:11  Zergling x8  
  122  7:13  Drone  
  127  7:17  Zergling x2  
  127  7:20  Queen  
  127  7:21  Roach x2  
  127  7:22  Overlord  
  134  7:27  Roach  
  136  7:30  Zergling x4  
  136  7:33  Ravager x3  
  136  7:36  Drone  
  142  7:37  Drone  
  142  7:39  Zergling x14  
  142  7:40  Hatchery  
  142  7:43  Centrifugal Hooks  
  149  7:46  Overlord x2  
  149  7:50  Spore Crawler  
  147  7:55  Drone x2  
  147  7:57  Queen  
  149  8:02  Zergling x8  
  149  8:03  Zergling x10  
  159  8:08  Viper x2  
  159  8:11  Zerg Melee Weapons Level 2  
  159  8:12  Baneling x9  
  165  8:13  Baneling x2  
  165  8:17  Zerg Ground Armor Level 2  
  165  8:21  Overlord  
  165  8:22  Zergling x8  
  169  8:28  Overlord x2  
  169  8:29  Drone x2  
  170  8:34  Baneling x6  
  170  8:37  Zergling x10  
  175  8:46  Zergling x14  
  182  8:54  Zergling x10  
  182  8:55  Zergling x4  
  184  8:58  Ravager  
  184  8:59  Ravager x2  
  184  9:01  Adrenal Glands  
  184  9:02  Baneling x6  
  187  9:08  Zergling x26  
  193  9:20  Zergling x16  
  197  9:24  Baneling x7  
  197  9:30  Zergling x8  
  197  9:31  Zergling x8  
  196  9:38  Zergling x8  
  190  9:40  Queen  
  190  9:43  Baneling x2  
  190  9:44  Zergling x4  
  159  9:53  Zergling x14  
  159  9:54  Baneling x5  
  159  9:55  Baneling x10  
  159  9:56  Ravager  
  159  9:57  Zergling x2, Ravager  
  159  9:58  Zergling x12  
  159  9:59  Queen  
  175  10:02  Zergling x8  
  166  10:07  Zergling x2  
  156  10:15  Zergling x8  
  156  10:18  Queen  
  156  10:19  Queen  
  156  10:20  Zergling x2  
  156  10:22  Baneling x4  
  156  10:23  Viper  
  156  10:24  Zergling x2  
  156  10:25  Zergling x12  
  156  10:28  Baneling x5  
  165  10:30  Zergling x2  
  165  10:31  Zergling x4  
  168  10:36  Zerg Ground Armor Level 3  
  168  10:39  Zergling x8  
  168  10:40  Zergling x2  
  173  10:51  Drone  
  173  10:52  Drone x2  
  173  10:54  Overlord x2  
  173  10:55  Burrow  
  176  10:58  Zerg Melee Weapons Level 3  
  176  10:59  Zergling x2  
  170  11:05  Hatchery  
  170  11:06  Zergling x2  
  170  11:07  Zergling x14  
  168  11:15  Zergling x16  
  170  11:19  Ravager  
  166  11:26  Baneling x6  
  166  11:27  Zergling x16  
  166  11:32  Zergling x10  
  171  11:37  Zergling x10  
  164  11:43  Zergling x10  
  159  11:48  Zergling x2  
  159  11:49  Zergling x10  
  164  11:54  Ravager x2  
  164  11:55  Zergling x12  
  169  12:03  Zergling x10  
  169  12:04  Zergling x6  
  177  12:12  Zergling x2  
  177  12:13  Zergling x6  
  181  12:18  Baneling  
  181  12:19  Baneling x6, Zergling x12, Spore Crawler  
  185  12:28  Zergling x14  
  191  12:35  Zergling x14  
  191  12:36  Zergling x2  
  191  12:51  Zergling x30  
  177  12:55  Zergling x2  
  177  12:57  Zergling x6  
  164  13:05  Baneling x9  
  161  13:07  Zergling x8  
  161  13:12  Drone, Hatchery  
  162  13:14  Neural Parasite  
  162  13:15  Infestor x2  
  162  13:16  Infestor  
  168  13:21  Zergling x10  
  168  13:22  Pneumatized Carapace  
  168  13:26  Zergling x8  
  173  13:33  Baneling  
  173  13:35  Hatchery, Zergling x2  
  173  13:36  Zergling x6  
  176  13:44  Zergling x18  
  176  13:45  Zerg Missile Weapons Level 1  
  185  13:49  Baneling x8  
  185  13:58  Zergling x20  
  195  14:04  Drone x3  
  198  14:14  Zergling x4  
  195  14:18  Baneling x6  
  195  14:19  Baneling x2, Zergling x16  
  195  14:20  Zergling x2  
  200  14:27  Hydralisk Den  
  200  14:28  Drone  
  200  14:30  Spore Crawler  
  199  14:31  Infestor  
  199  14:32  Drone  
  199  14:34  Baneling x5, Overseer  
  199  14:35  Baneling x6  
  191  14:40  Zergling x6  
  191  14:41  Zergling x14  
  200  14:52  Hatchery  
  199  14:58  Hatchery, Zergling x16  
  199  14:59  Zergling x18  
  195  15:03  Baneling x7, Drone  
  195  15:04  Drone x2  
  197  15:07  Infestor  
  197  15:09  Muscular Augments  
  197  15:18  Drone x2  
  199  15:22  Overlord  
  199  15:30  Drone  
  195  15:36  Drone x2  
  195  15:37  Zergling x8  
  195  15:38  Overlord x2  
  195  15:39  Overseer x2  
  199  15:53  Baneling x2  
  199  16:13  Grooved Spines  
  199  16:14  Viper  
  199  16:15  Viper  
  183  16:21  Zergling x44  
  200  16:29  Unknown  
  200  16:30  Drone  
  199  16:36  Spore Crawler  
  196  16:42  Infestor  
  196  16:44  Baneling  
  196  16:45  Baneling x7  
  194  16:50  Zergling x2  
  194  16:51  Zergling x8  
  196  17:02  Zerg Missile Weapons Level 2  
  196  17:06  Zergling x4  
  196  17:07  Hatchery, Zergling x12  
  196  17:14  Drone x2  
  196  17:15  Infestor, Spore Crawler, Drone x3  
  192  17:21  Zergling x34  
  198  17:27  Zergling x20  
  200  17:33  Baneling x4  
  200  17:36  Hatchery  
  195  17:45  Zergling x10  
  198  17:54  Zergling x4  
  198  17:55  Zergling x6  
  198  18:04  Infestor, Zergling x22  
  200  18:07  Unknown  
  200  18:12  Infestor  
  196  18:15  Unknown  
  196  18:17  Baneling  
  196  18:18  Baneling x4  
  195  18:26  Zergling x2  
  195  18:27  Zergling x8  
  200  18:28  Baneling  
  200  18:29  Baneling x5  
  184  18:41  Zergling x38  
  194  18:51  Hydralisk x7  
  195  18:58  Hydralisk x2  
  195  18:59  Zergling x14  
  178  19:03  Infestor  
  178  19:05  Hydralisk x4  
  178  19:06  Zergling x12  
  178  19:08  Infestor  
  178  19:09  Hydralisk  
  182  19:10  Hydralisk  
  182  19:13  Baneling x10, Overseer  
  182  19:14  Overseer  
  183  19:17  Drone x3  
  183  19:18  Drone  
  183  19:19  Drone  
  183  19:20  Drone x2  
  183  19:21  Baneling x6  
  183  19:22  Infestor x2  
  194  19:25  Hatchery, Hydralisk x2  
  194  19:26  Zergling x6  
  198  19:44  Zergling x44  
  193  19:49  Infestor  
  193  19:52  Zergling x18  
  189  20:00  Zergling x2  
  189  20:01  Zergling x12  
  178  20:09  Hydralisk x8  
  172  20:17  Baneling x11, Hydralisk x2  
  172  20:18  Zergling x10  
  181  20:31  Hydralisk x2  
  181  20:32  Zergling x28  
  191  20:43  Infestor  
  187  20:52  Baneling x7, Zergling x2  
  187  20:53  Zergling x22  
  187  20:54  Baneling x9  
  199  21:02  Infestor  
  197  21:09  Zergling x20  
  194  21:15  Drone x3  
  194  21:16  Zergling x16  
  194  21:17  Zergling x4  
  199  21:22  Baneling  
  199  21:23  Baneling x5  
  197  21:32  Hatchery  
  195  21:34  Zergling x8  
Tags
 
Add a new tag
Caveats
  • Supply blocks, unpowered buildings, or Contaminate may cause inaccurate times.
  • Supply counts are checked every 10 seconds.